 Dungeon Crawl Stone Soup version 0.31-a0-716-gc7603755dd (webtiles) character file.

Game seed: 10569703993425149739

296 Essalna the Conjurer (level 6, -1/41 HPs)
             Began as a Demonspawn Conjurer on Sept 10, 2023.
             Slain by a gnoll
             ... wielding a +2 flail of protection
              (13 damage)
             ... on level 4 of the Dungeon.
             The game lasted 00:04:01 (3249 turns).

Essalna the Conjurer (Demonspawn Conjurer)          Turns: 3249, Time: 00:04:02

Health: -1/41      AC:  8    Str:  8    XL:     6   Next: 12%
Magic:  4/12       EV: 12    Int: 21    God:
Gold:   163        SH:  0    Dex: 11    Spells: 12/13 levels left

rFire   . . .        d - +2 hand axe (flame)
rCold   . . .        (no shield)
rNeg    . . .        a - +0 robe
rPois   .            o - +0 helmet
rElec   .            (no cloak)
rCorr   .            (no gloves)
SInv    .            j - +2 pair of boots
Will    .....        (no amulet)
Stlth   ++           (no ring)
HPRegen 0.26/turn    (no ring)
MPRegen 0.13/turn

%: no passive effects
@: no status effects
A: thin metallic scales 1, powered by death 1, spiny 2
a: no special abilities


You were on level 4 of the Dungeon.
You visited 1 branch of the dungeon, and saw 4 of its levels.

You collected 163 gold pieces.

Inventory:

Hand Weapons
 c - a +0 dagger
 d - a +2 hand axe of flaming (weapon)
Armour
 a - a +0 robe (worn)
 j - a +2 pair of boots (worn)
 o - a +0 helmet (worn)
Jewellery
 m - a ring of positive energy
Scrolls
 e - a scroll of revelation {unknown}
 g - 3 scrolls of teleportation {unknown}
 k - 2 scrolls of identify {unknown}
 p - a scroll of fear {unknown}
 r - a scroll of vulnerability {unknown}
 s - a scroll of amnesia {unknown}
Potions
 b - a potion of magic
 f - a potion of haste {unknown}
 h - a potion of berserk rage {unknown}
 i - 3 potions of curing {unknown}
 l - 2 potions of mutation {unknown}
 n - 4 potions of degeneration {unknown}
 q - a potion of might {unknown}


   Skills:
 - Level 1.7 Dodging
 - Level 1.7 Stealth
 + Level 4.4 Spellcasting
 + Level 5.9 Conjurations


You had 12 spell levels left.
You knew the following spells:

 Your Spells              Type           Power      Damage    Failure   Level
a - Magic Dart            Conj           100%       1d8       1%          1

Your spell library contained the following spells:

 Spells                   Type           Power      Damage    Failure   Level
 Searing Ray              Conj           58%        2d6       1%          2
 Dazzling Flash           Conj/Hex       34%        N/A       10%         3
 Fulminant Prism          Conj/Hex       8%         3d7       32%         4
 Iskenderun's Mystic Bla  Conj/Tloc      17%        2d5       32%         4
 Ozocubu's Armour         Ice            4%         N/A       34%         3
 Ozocubu's Refrigeration  Ice            2%         4d7       100%        7


Dungeon Overview and Level Annotations

Branches:
Dungeon (4/15)
 Temple: D:4-7

Altars:
Cheibriados
Fedhas
Gozag

Shops:
D:2 [


Innate Abilities, Weirdness & Mutations

You are partially covered in thin metallic scales. (AC +2)
You regenerate a little health from kills.
You are mostly covered in sharp spines.


Message History

Aim: a ball python (100% to hit)
The magic dart hits the ball python.
The ball python is moderately wounded.
The ball python is struck by your spines.
You kill the ball python!
You have reached level 6!
Your demonic ancestry asserts itself...
A wave of death washes over you.
Casting: Magic Dart (safe; 1% risk of failure)
Confirm with . or Enter, or press ? or * to list all spells.
Aiming: Magic Dart (safe; 1% risk of failure)
Press: ? - help, Shift-Dir - straight line, f - jelly
Aim: a jelly (100% to hit)
The magic dart hits the jelly!
The jelly is heavily wounded.
The jelly closely misses you.
Casting: Magic Dart (safe; 1% risk of failure)
Confirm with . or Enter, or press ? or * to list all spells.
Aiming: Magic Dart (safe; 1% risk of failure)
Press: ? - help, Shift-Dir - straight line, f/p - jelly
Aim: a jelly (heavily wounded, 100% to hit)
The magic dart hits the jelly!
The jelly is almost dead.
The jelly hits you.
You are splashed with acid.
* * * LOW HITPOINT WARNING * * *
Casting: Magic Dart (safe; 1% risk of failure)
Confirm with . or Enter, or press ? or * to list all spells.
Aiming: Magic Dart (safe; 1% risk of failure)
Press: ? - help, Shift-Dir - straight line, f/p - jelly
Aim: a jelly (almost dead, 100% to hit)
The magic dart hits the jelly!
You kill the jelly!
Casting: Magic Dart (safe; 1% risk of failure)
Confirm with . or Enter, or press ? or * to list all spells.
Aiming: Magic Dart (safe; 1% risk of failure)
Press: ? - help, Shift-Dir - straight line, f - gnoll
Aim: a gnoll, wielding a +2 flail of protection (100% to hit)
The magic dart hits the gnoll but does no damage.
The gnoll hits you with a +2 flail of protection!
You die...

#### #.# ## ... ...
#. ... .. ..#....
.#.#. ... # #g# #.
#@# ##+##
#.##.###.###...##
#........##.....##
###..#####.......##
##...####.........###
#....>..'.........'..
#....####.........###
#.#.## ##.......##
#.### ##.....##


You could see a gnoll.

Vanquished Creatures
  A phantom (D:4)
  A jelly (D:4)
  A hound (D:4)
  An orc wizard (D:4)
  Robin (D:4)
  2 gnolls (D:4)
  3 adders (D:3)
  3 worms
  2 dart slugs (D:3)
  4 orcs (D:4)
  6 ball pythons
  2 bats (D:1)
  3 endoplasms
  7 giant cockroaches
  7 goblins
  12 hobgoblins
  A quokka (D:3)
  6 kobolds
  2 rats (D:1)
65 creatures vanquished.

Notes
Turn   | Place    | Note
-------+----------+-------------------------------------------
     0 | D:1      | Essalna the Demonspawn Conjurer began the quest for the
                  | Orb.
     0 | D:1      | Reached XP level 1. HP: 13/13 MP: 3/3
   301 | D:1      | Gained mutation: You are partially covered in sharp spines.
                  | [demonic ancestry]
   301 | D:1      | Reached XP level 2. HP: 19/19 MP: 0/5
   890 | D:2      | Found a snail-covered altar of Cheibriados.
   908 | D:2      | Found Fikliwau's Antique Armour Boutique.
  1568 | D:3      | Reached XP level 3. HP: 24/24 MP: 4/7
  2195 | D:3      | Gained mutation: You are mostly covered in sharp spines.
                  | [demonic ancestry]
  2195 | D:3      | Reached XP level 4. HP: 30/30 MP: 8/8
  2495 | D:3      | Found a blossoming altar of Fedhas.
  2699 | D:4      | Noticed Robin
  2702 | D:4      | Reached skill level 5 in Conjurations
  2711 | D:4      | Killed Robin
  2907 | D:4      | Gained mutation: You are partially covered in thin metallic
                  | scales. (AC +2) [demonic ancestry]
  2907 | D:4      | Reached XP level 5. HP: 35/35 MP: 2/10
  2978 | D:4      | Noticed a phantom
  2986 | D:4      | Killed a phantom
  3115 | D:4      | Found an opulent altar of Gozag.
  3246 | D:4      | Gained mutation: You regenerate a little health from kills.
                  | [demonic ancestry]
  3246 | D:4      | Reached XP level 6. HP: 20/41 MP: 7/12
  3249 | D:4      | Slain by a gnoll

Illustrated notes

Levels and vault maps discovered:
D:1:      heliophobic_arrival_ceremonial_halls, layout_basic
D:2:      layout_rooms, serial_co_window_serial, co_window_corner_a,
          co_window_paths_b, co_window_corner_a, co_window_cross_1,
          co_window_paths_b, co_window_of_opportunity_c, co_window_broadway_b,
          co_window_2corner, co_window_of_opportunity_b,
          co_window_of_opportunity_c, co_window_4corner_a, serial_shops,
          nicolae_shop_tiny_waterfront, basic_altar
D:3:      layout_loops_ring, mainiacjoe_overflow_alcove_4, minivault_24
D:4:      layout_loops_corners, overflow_temple_1_default, uniq_robin

Skill      XL: |  1  2  3  4  5 |
---------------+----------------+-----
Spellcasting   | 3 4 |  4.4
Conjurations   | 5 |  5.9
Dodging        | |  1.7
Stealth        | |  1.7

Action                     |  1- 3 |  4- 6 || total
---------------------------+-------+-------++-------
  Melee: Unarmed           |    10 |       ||    10
         Hand axe          |    32 |    44 ||    76
         Punch             |       |     2 ||     2
   Cast: Magic Dart        |    45 |    18 ||    63
   Stab: Sleeping          |     4 |     2 ||     6
 Armour: Robe              |    20 |    36 ||    56
  Dodge: Dodged            |    27 |    22 ||    49

Table legend: (Time is in decaauts)
 A = Elapsed time spent in this place.
 B = Non-inter-level travel time spent in this place.
 C = Inter-level travel time spent in this place.
 D = Time resting spent in this place.
 E = Time spent auto-exploring this place.
 F = Levels seen in this place.
 G = Mean time per level.
                   A        B        C        D        E       F      G
               +--------+--------+--------+--------+--------+-----+--------+
         Total |   3270 |   3180 |     90 |     53 |   2692 |   4 |  817.5 |
       Dungeon |   3270 |   3180 |     90 |     53 |   2692 |   4 |  817.5 |
               +--------+--------+--------+--------+--------+-----+--------+

Top non-repeatable levels by time:
     D:3: 1046 daAuts
     D:1: 892 daAuts
     D:4: 666 daAuts
     D:2: 665 daAuts
